 Dungeon Crawl Stone Soup version 0.29.1 (webtiles) character file.

Game seed: 17419401367104859476

56 funkygono the Firebug (level 3, -7/20 HPs)
             Began as a Gargoyle Fire Elementalist on Sept 13, 2022.
             Mangled by Robin
             ... wielding a +9 club
              (12 damage)
             ... on level 2 of the Dungeon.
             The game lasted 00:02:05 (1638 turns).

funkygono the Firebug (Gargoyle Fire Elementalist)  Turns: 1638, Time: 00:02:07

Health: -7/20      AC:  5    Str: 11    XL:     3   Next: 97%
Magic:  3/6        EV: 12    Int: 17    God:
Gold:   107        SH:  0    Dex: 10    Spells: 1/7 levels left

rFire   . . .      SeeInvis .   d - +0 mace
rCold   . . .      Faith    .   (no shield)
rNeg    + . .      Spirit   .   a - +0 robe
rPois   ∞          Reflect  .   (no helmet)
rElec   +          Harm     .   (no cloak)
rCorr   .          Rampage  .   (no gloves)
Will    .....                   (no boots)
Stlth   ++........              (no amulet)
HPRegen 0.06/turn               (no ring)
MPRegen 0.10/turn               (no ring)

@: no status effects
A: sickness immunity, AC +3, negative energy resistance 1, electricity
resistance, torment resistance 1, petrification resistance
a: no special abilities


You were on level 2 of the Dungeon.
You visited 1 branch of the dungeon, and saw 2 of its levels.

You collected 107 gold pieces.

Inventory:

Hand Weapons
 d - a +0 mace (weapon)
Armour
 a - a +0 robe (worn)
Scrolls
 c - 2 scrolls of poison {unknown}
 e - a scroll of amnesia {unknown}
 g - a scroll of identify {unknown}
 h - a scroll of torment {unknown}
Potions
 b - a potion of magic
 f - a potion of lignification {unknown}
 i - a potion of degeneration {unknown}


   Skills:
 + Level 0.4 Fighting
 + Level 0.3 Maces & Flails
 + Level 1.7 Dodging
 - Level 2.1 Stealth
 + Level 2.5 Spellcasting
 + Level 1.7 Conjurations
 + Level 3.8 Fire Magic


You had one spell level left.
You knew the following spells:

 Your Spells              Type           Power      Damage    Failure   Level
a - Foxfire               Conj/Fire      44%        2x1d6     6%          1
b - Scorch                Fire           30%        2d6       5%          2
c - Conjure Flame         Conj/Fire      11%        6-21      17%         3

Your spell library contained the following spells:

 Spells                   Type           Power      Damage    Failure   Level
 Inner Flame              Hex/Fire       8%         N/A       26%         3
 Tukima's Dance           Hex            2%         N/A       50%         3
 Flame Wave               Conj/Fire      11%        2d6       50%         4
 Passage of Golubria      Tloc           2%         N/A       88%         4
 Yara's Violent Unravell  Hex/Tmut       1%         3d3       99%         5


Dungeon Overview and Level Annotations

Branches:
Dungeon (2/15)

Altars:

Annotations:
D:2 Robin


Innate Abilities, Weirdness & Mutations

You are immune to sickness and miasma.
Your stone body is resilient. (AC +3)
You are immune to poison.
You resist negative energy. (rN+)
You are resistant to electric shocks. (rElec)
You are resistant to unholy torment.
You are immune to petrification.


Message History

You kill the hobgoblin!
The goblin hits you with a +0 club.
Casting: Foxfire (safe; 6% risk of failure)
Confirm with . or Enter, or press ? or * to list all spells.
You conjure some foxfire!
The foxfire hits the goblin.
The goblin is moderately wounded.
The foxfire hits the goblin.
You kill the goblin!
Robin roars a battlecry!
The goblins go into a battle-frenzy!
The foxfire hits Robin but does no damage.
The foxfire hits Robin.
Robin is lightly wounded.
Robin throws the goblin at you!
You climb upwards.
There is a stone staircase leading down here.
You start resting.
HP restored.
You start resting.
Magic restored.
You climb downwards.
Level annotation: Robin The goblin hits you but does no damage.
The goblin hits you with a +0 dagger. The hobgoblin hits you.
Robin throws the goblin at you! The hobgoblin hits you.
The goblin barely misses you. The goblin closely misses you.
There is a stone staircase leading up here.
Casting: Foxfire (safe; 6% risk of failure)
Confirm with . or Enter, or press ? or * to list all spells.
Flames lash the hobgoblin.
You kill the hobgoblin!
The goblin closely misses you. The goblin hits you but does no damage.
Robin hits you with a +9 club.
Casting: Scorch (safe; 5% risk of failure)
Confirm with . or Enter, or press ? or * to list all spells.
You conjure some foxfire!
The goblin hits you but does no damage. The goblin hits you with a +0 dagger.
* * * LOW HITPOINT WARNING * * *
Robin hits you with a +9 club!
Ouch! That really hurt!
You die...

#.# #.# #.#
#.#.################
#.####.#................#
#......######.........#+###
########......<.####.......#
.......'..g$g....# #.......#
########..v@.....# #.......#
.......'..vg.....# #.......#
########...).....# ###.#.###
#.........# #.#....
#.........# #.#.###
#.........## #.#####
#............ #...[..
###..)....... #######
#.......... #


You could see Robin (ally target) and 2 goblins.

Vanquished Creatures
  An adder (D:2)
  A worm (D:1)
  A dart slug (D:1)
  2 ball pythons (D:1)
  4 endoplasms (D:1)
  A giant cockroach (D:1)
  4 hobgoblins
  2 quokkas (D:1)
  3 bats (D:1)
  5 frilled lizards (D:1)
  10 goblins
  3 kobolds
  3 rats (D:1)
40 creatures vanquished.

Vanquished Creatures (others)
  80 foxfires
80 creatures vanquished.

Grand Total: 120 creatures vanquished

Notes
Turn   | Place    | Note
-------+----------+-------------------------------------------
     0 | D:1      | funkygono the Gargoyle Fire Elementalist began the quest
                  | for the Orb.
     0 | D:1      | Reached XP level 1. HP: 10/10 MP: 3/3
   326 | D:1      | Reached XP level 2. HP: 15/15 MP: 3/5
   329 | D:1      | Learned a level 2 spell: Scorch
   786 | D:1      | Reached XP level 3. HP: 19/19 MP: 3/6
   790 | D:1      | Learned a level 3 spell: Conjure Flame
  1520 | D:2      | Noticed Robin
  1638 | D:2      | Mangled by Robin

Illustrated notes

Levels and vault maps discovered:
D:1:      lightli_molten_gateway, layout_loops_ring, nrook_loot_triangle,
          nicolae_wormholes
D:2:      layout_basic, nicolae_ecumenical_snake_handling, uniq_terence,
          uniq_jessica, uniq_robin

Action                   || total
-------------------------++-------
Melee: Unarmed           ||     1
       Mace              ||    30
 Cast: Foxfire           ||    49
       Scorch            ||     3
Armor: Robe              ||    20
Dodge: Dodged            ||    39
